 Seeded DCSS version 0.30.1-9-gdf580d7c3d (webtiles) character file.

Game seed: 5 (custom seed)

126 Kazon the Shield-Bearer (level 5, 0/33 HPs)
             Began as a Gargoyle Fighter on Oct 12, 2023.
             Was an Initiate of Okawaru.
             Slain by Sigmund
             ... wielding a +0 scythe
              (9 damage)
             ... on level 4 of the Dungeon.
             The game lasted 00:10:08 (2254 turns).

Kazon the Shield-Bearer (Gargoyle Fighter)          Turns: 2254, Time: 00:10:08

Health: 0/33       AC: 12    Str: 23    XL:     5   Next: 9%
Magic:  14/14      EV:  7    Int:  9    God:    Okawaru [......]
Gold:   163        SH: 17    Dex:  9    Spells: 4/4 levels left

rFire   . . .        a - +0 flail
rCold   . . .        c - +0 tower shield
rNeg    + . .        b - +0 scale mail
rPois   ∞            i - +0 helmet
rElec   +            (no cloak)
rCorr   +            (no gloves)
SInv    .            (no boots)
Will    .....        r - amulet "Oklyedig" {Reflect Rampage rCorr Str+2 SH+5 Stlth+}
Stlth   +            s - ring of magical power
HPRegen 0.25/turn    (no ring)
MPRegen 0.14/turn

%: reflection, rampage
@: no status effects
A: sickness immunity, AC +4, negative energy resistance 1, electricity
resistance, torment resistance 1, petrification resistance
a: Renounce Religion


You were on level 4 of the Dungeon.
You worshipped Okawaru.
Okawaru was noncommittal.
You visited 2 branches of the dungeon, and saw 5 of its levels.

You collected 163 gold pieces.

Inventory:

Hand Weapons
 a - a +0 flail (weapon)
 e - a +2 vampiric dagger
 w - the +2 sling "Qeuhanocyt" {speed, rElec Str-3 Dex+2}
   (You found it on level 3 of the Dungeon)

   Str:       It affects your strength (-3).
   Dex:       It affects your dexterity (+2).
   rElec:     It insulates you from electricity.
Missiles
 f - 8 stones (quivered)
 k - 3 boomerangs
 q - 5 poisoned darts
Armour
 b - a +0 scale mail (worn)
 c - a +0 tower shield (worn)
 i - a +0 helmet (worn)
Jewellery
 r - the amulet "Oklyedig" (around neck) {Reflect Rampage rCorr Str+2 SH+5 Stlth+}
   (You acquired it on level 1 of the Dungeon)

   [amulet of reflection]

   It reflects blocked missile attacks.
   Str:       It affects your strength (+2).
   rCorr:     It protects you from acid and corrosion.
   SH:        It affects your SH (+5).
   Rampage:   It bestows one free step when moving towards enemies.
   Stlth:     It makes you more stealthy.
 s - a ring of magical power (left hand)
Scrolls
 g - a scroll of fog {unknown}
 l - a scroll of identify {unknown}
 m - a scroll of summoning {unknown}
 n - 2 scrolls of magic mapping {unknown}
 o - a scroll of teleportation
 p - a scroll of blinking {unknown}
 x - a scroll of amnesia {unknown}
Potions
 d - a potion of might
 h - a potion of resistance {unknown}
 j - 3 potions of curing {unknown}
 t - a potion of flight {unknown}
 u - a potion of invisibility {unknown}
 v - 2 potions of heal wounds {unknown}


   Skills:
 + Level 3.7 Fighting
 + Level 0.1 Short Blades
 + Level 3.1 Maces & Flails
 * Level 1.0 Throwing
 + Level 3.6 Armour
 + Level 0.3 Dodging
 * Level 1.3 Stealth
 + Level 4.3 Shields


You had 4 spell levels left.
You didn't know any spells.
Your spell library contained the following spells:

 Spells                   Type           Power      Damage    Failure   Level
 Frozen Ramparts          Ice            0%         1d1       100%        3
 Ice Form                 Ice/Tmut       0%         N/A       100%        4
 Summon Ice Beast         Ice/Summ       Unusable   N/A       N/A         4

Dungeon Overview and Level Annotations

Branches:
Dungeon (4/15)             Temple (1/1) D:4

Altars:
Fedhas
Gozag
Makhleb
Okawaru
Qazlal
Trog
Uskayaw
Wu Jian
The Shining One

Annotations:
D:4 Sigmund


Innate Abilities, Weirdness & Mutations

You are immune to sickness and miasma.
Your stone body is resilient. (AC +4)
You are immune to poison.
You resist negative energy. (rN+)
You are resistant to electric shocks. (rElec)
You are resistant to unholy torment.
You are immune to petrification.


Message History

Sigmund the Dreaded comes into view.
He is wielding a +0 scythe.
Sigmund casts a spell at you. The magic dart hits you.
You feel the dreadful sensation subside.
a - a +0 flail (weapon)
You rampage towards Sigmund!
You closely miss Sigmund. Sigmund barely misses you.
You hit Sigmund.
Sigmund is lightly wounded.
Sigmund hits you with a +0 scythe!
You hit Sigmund.
Sigmund is moderately wounded.
You block Sigmund's attack.
You hit Sigmund but do no damage.
Sigmund is moderately wounded.
Sigmund gestures wildly while chanting.
Sigmund flickers and vanishes!
Deactivating autopickup; reactivate with Ctrl-A.
Something hits you.
You closely miss something. You block something's attack.
You barely miss something. Something hits you but does no damage.
You closely miss something. Something hits you but does no damage.
You barely miss something. Something hits you.
You barely miss something. You block something's attack.
You miss something.
You hear some strange, mumbled words.
You are confused.
Something hits you.
You hear some strange, mumbled words.
A puff of flame appears from out of thin air!
The puff of flame hits you but does no damage.
You're too confused to move!
A magic dart appears from out of thin air!
The magic dart hits you but does no damage.
Something hits you but does no damage.
You feel less confused. Something hits you!
* * * LOW HITPOINT WARNING * * *
Something hits you!
You die...

#### ##... ##########...
#####........#..#
.............#..#
.............#..#
........{.####..#########
........@................
####......###..##.######
#......# #..##.#
#.....>..........
...............##.##
......###..##...##...
...... .............
...... #..##.#...)#
...... ... ...


There were no monsters in sight!

Vanquished Creatures
  4 adders
  3 worms
  2 orcs (D:3)
  4 bats
  9 endoplasms
  A giant cockroach (D:1)
  12 goblins
  6 hobgoblins
  11 jackals
  3 kobolds
  6 ball pythons
  3 frilled lizards
  4 rats
68 creatures vanquished.

Notes
Turn   | Place    | Note
-------+----------+-------------------------------------------
     0 | D:1      | Kazon the Gargoyle Fighter began the quest for the Orb.
     0 | D:1      | Reached XP level 1. HP: 14/14 MP: 1/1
    38 | D:1      | Identified a scroll of acquirement
    38 | D:1      | Acquired the amulet "Oklyedig" {Reflect Rampage rCorr Str+2
                  | SH+5 Stlth+}
    61 | D:1      | Reached XP level 2. HP: 3/19 MP: 2/2
   404 | D:1      | Reached XP level 3. HP: 23/23 MP: 3/3
   897 | D:2      | Reached skill level 4 in Shields
  1121 | D:2      | Reached XP level 4. HP: 28/28 MP: 4/4
  1125 | D:2      | Reached skill level 1 in Stealth
  1712 | D:3      | Found a blossoming altar of Fedhas.
  1740 | D:3      | Reached skill level 1 in Throwing
  1740 | D:3      | Reached XP level 5. HP: 28/32 MP: 5/5
  1919 | D:3      | Found a stormy altar of Qazlal.
  2004 | D:3      | Found a faded altar of an unknown god.
  2118 | D:3      | Identified the +2 sling "Qeuhanocyt" {speed, rElec Str-3
                  | Dex+2}
  2152 | D:4      | Found a staircase to the Ecumenical Temple.
  2161 | Temple   | Entered the Ecumenical Temple
  2183 | Temple   | Became a worshipper of Warmaster Okawaru
  2234 | D:4      | Noticed Sigmund
  2254 | D:4      | Slain by Sigmund

Illustrated notes

Levels and vault maps discovered:
D:1:      ebering_trefoil_3fold, layout_basic, st_stairs_14, serial_bayou_ford_a
D:2:      layout_basic, hangedman_decor_growths, minmay_close_crescents
D:3:      layout_rooms, mainiacjoe_overflow_concentric_impassable,
          mainiacjoe_overflow_paths, shapermc_ecumenical_altar_acropolis,
          chequers_serial_rivers_micro_b
D:4:      layout_basic, riverfiend_overflow_shadow_ancestor,
          minmay_temple_entry_glass, uniq_sigmund
Temple:   nicolae_temple_elliptical

Skill      XL: |  1  2  3  4 |
---------------+-------------+-----
Shields        | 4 |  4.3
Stealth        | 1 |  1.3
Maces & Flails | 3 |  3.1
Throwing       | 1 |  1.0
Fighting       | |  3.7
Short Blades   | |  0.1
Armour         | |  3.6
Dodging        | |  0.3

Action                     |  1- 3 |  4- 6 || total
---------------------------+-------+-------++-------
  Melee: Flail             |   104 |    74 ||   178
         Dagger            |       |    67 ||    67
   Fire: Sling             |       |     3 ||     3
  Throw: Stone             |       |     8 ||     8
    Use: Scroll            |     2 |     1 ||     3
         Potion            |     1 |       ||     1
 Armour: Scale mail        |    36 |    36 ||    72
  Dodge: Dodged            |    26 |    16 ||    42
  Block: Buckler           |    16 |       ||    16
         Tower shield      |    62 |   115 ||   177
         Reflection        |     1 |       ||     1
